 Seeded DCSS version 0.30.1-3-gfc49f6343a (webtiles) character file.

Game seed: 6351066067085065685 (custom seed)

15956 Esekla the Thaumaturge (level 12, -21/67 HPs)
             Began as a Deep Elf Necromancer on Aug 2, 2023.
             Was a High Priest of Vehumet.
             Demolished by a centaur warrior simulacrum (22 damage)
             ... on level 11 of the Dungeon on Aug 5, 2023.
             The game lasted 02:10:45 (13155 turns).

Esekla the Thaumaturge (Deep Elf Necromancer)      Turns: 13155, Time: 02:10:46

Health: -21/67     AC:  8    Str:  5    XL:     12   Next: 5%
Magic:  41/41      EV: 14    Int: 26    God:    Vehumet [*****.]
Gold:   105        SH:  5    Dex: 15    Spells: 17/39 levels left

rFire   . . .        a - +5 scimitar
rCold   . . .        J - +0 buckler
rNeg    . . .        V - +0 troll leather armour
rPois   .            N - +1 helmet
rElec   .            G - +0 cloak
rCorr   .            i - +0 pair of gloves
SInv    .            (no boots)
Will    +....        R - amulet of magic regeneration
Stlth   +++          g - ring of magical power
HPRegen 1.11/turn    U - ring of the Mage {Wiz Archmagi}
MPRegen 0.67/turn

%: wizardry (x1), archmagi
@: studying Fighting
A: no striking features
a: Renounce Religion


You were on level 11 of the Dungeon.
You worshipped Vehumet.
Vehumet was extremely pleased with you.
You visited 3 branches of the dungeon, and saw 14 of its levels.
You also visited: Bailey.

You collected 819 gold pieces.
You spent 714 gold pieces at shops.

Inventory:

Hand Weapons
 a - a +5 scimitar (weapon)
 l - a +5 long sword
 r - a +4 trident of venom
 s - a +1 dagger of electrocution
 w - a +0 dagger of holy wrath
Missiles
 H - 6 throwing nets
 I - 5 curare-tipped darts
 M - 7 boomerangs (quivered)
 S - 45 poisoned darts
Armour
 i - a +0 pair of gloves (worn)
 o - a +1 robe of willpower
 G - a +0 cloak (worn)
 J - a +0 buckler (worn)
 N - a +1 helmet (worn)
 V - a +0 troll leather armour (worn)
Jewellery
 g - a ring of magical power (left hand)
 R - an amulet of magic regeneration (around neck)
 T - an amulet of reflection
 U - the ring of the Mage (right hand) {Wiz Archmagi}
   (You bought it in a shop on level 2 of the Dungeon)

   [ring of wizardry]

   It improves your spell success rate.
   Archmagi:  It increases the power of your magical spells.
Wands
 A - a wand of flame (4)
 D - a wand of roots (10)
 F - a wand of mindburst (6)
Scrolls
 c - a scroll of identify
 e - 2 scrolls of fear
 k - a scroll of immolation {unknown}
 m - 5 scrolls of blinking
 q - 2 scrolls of fog
 u - 2 scrolls of amnesia
 v - a scroll of enchant armour {unknown}
 y - a scroll of magic mapping {unknown}
 z - 2 scrolls of silence
 B - 4 scrolls of enchant weapon
 C - 2 scrolls of poison
 E - 3 scrolls of teleportation
 K - 3 scrolls of noise {unknown}
 L - 2 scrolls of torment {unknown}
 O - 2 scrolls of acquirement
 Q - a scroll of vulnerability {unknown}
Potions
 b - a potion of magic
 d - 3 potions of ambrosia
 f - a potion of mutation {unknown}
 h - 4 potions of curing
 j - 6 potions of attraction {unknown}
 n - 3 potions of brilliance
 p - 2 potions of heal wounds
 t - 4 potions of haste
 x - 2 potions of lignification
 P - a potion of cancellation {unknown}


   Skills:
 * Level 4.4 Fighting
 + Level 3.3(4.1) Short Blades
 + Level 3.2(3.8) Long Blades
 + Level 2.1 Throwing
 * Level 1.0 Armour
 * Level 8.6 Dodging
 + Level 4.7 Stealth
 - Level 3.0 Shields
 * Level 14.0 Spellcasting
 * Level 2.5 Conjurations
 + Level 10.2 Necromancy
 + Level 5.2 Translocations
 + Level 3.8 Ice Magic
 + Level 4.1 Air Magic
 * Level 3.9 Earth Magic
 + Level 4.2 Poison Magic
 + Level 1.8 Evocations


You had 17 spell levels left.
You knew the following spells:

 Your Spells              Type           Power      Damage    Failure   Level
a - Necrotise             Necr           100%       1d9       1%          1
b - Lee's Rapid Deconstr  Erth           27%        3d15*     5%          5
d - Vampiric Draining     Necr           82%        2d11      1%          3
j - Arcjolt               Conj/Air       26%        1d36      7%          5
r - Frozen Ramparts       Ice            100%       1d16      1%          3
t - Teleport Other        Tloc           62%        N/A       1%          3
v - Poisonous Vapours     Pois/Air       100%       N/A       1%          2

Your spell library contained the following spells:

 Spells                   Type           Power      Damage    Failure   Level
 Lesser Beckoning         Tloc           100%       N/A       1%          2
 Gell's Gravitas          Tloc           62%        N/A       1%          3
 Animate Dead             Necr           82%        N/A       1%          4
 Agony                    Necr           82%        N/A       1%          5
 Spider Form              Tmut/Pois      44%        N/A       4%          3
 Cause Fear               Hex            13%        N/A       32%         4
 Summon Mana Viper        Hex/Summ       27%        N/A       65%         5


Dungeon Overview and Level Annotations

Branches:
Dungeon (12/15)            Temple (1/1) D:6             Orc (1/2) D:10
 Bailey (visited)
   Lair: D:8-11

Altars:
Cheibriados
Dithmenos
Fedhas
Hepliaklqana
Nemelex Xobeh
Okawaru
Qazlal
Ru
Trog
Uskayaw
Vehumet
Xom
Zin
The Shining One

Shops:
D:2 =   D:4 (

Annotations:
D:7 quasit


Message History

Aim: a wolf You feel a surge of power!
You draw life force from the wolf!
You feel life coursing into your body. The wolf bites you!
* * * LOW HITPOINT WARNING * * *
You block the wolf's attack.
Casting: Vampiric Draining (safe; 1% risk of failure)
Confirm with . or Enter, or press ? or * to list all spells.
Aiming: Vampiric Draining (safe; 1% risk of failure)
Press: ? - help, Shift-Dir - straight line, f/p - wolf
Aim: a wolf (moderately wounded)
You feel a surge of power!
You draw life force from the wolf!
You kill the wolf!
Vehumet accepts your kill.
You feel your power returning.
You feel life coursing into your body!
You start resting.
Magic restored.
You start resting.
HP restored.
Things that are here:
a +0 scale mail; a wolf corpse
Okay, then.
You start removing your armour.
You continue taking off your +1 robe of willpower. x4
You finish taking off your +1 robe of willpower.
You feel less strong-willed.
You start putting on your armour.
You continue putting on your +0 troll leather armour. x5
You finish putting on your +0 troll leather armour.
The armour throbs as it attunes itself to your uninjured body.
There is a stone staircase leading up here.
You climb upwards.
The cyclops throws a large rock.
The large rock hits you!!
The centaur warrior simulacrum hits you.
The centaur warrior simulacrum freezes you!!
* * * LOW HITPOINT WARNING * * *
The centaur warrior simulacrum kicks you but does no damage.
There is a stone staircase leading down, spattered with blood here.
The centaur warrior simulacrum hits you.
* * * LOW HITPOINT WARNING * * *
The centaur warrior simulacrum freezes you!!
You die...

#.# ... #. #.#
.... ..### ##
..## ...~. ...
#...# .# ~~..###
#...###
~~#:...##..#...#
.#
.†.C.#..........
## #...@/≈.~.~~.
###.Z...~~~..
###.~~~~~~.
~.######†.≈~~~~.
~...!.Z...~≈~≈~.
~.#.####...~~~..
#.~~..5..
#........
#######..


You could see a cyclops, a white imp and a centaur warrior simulacrum.

Vanquished Creatures
  Harold (D:9)
  2 two-headed ogres
  Lodul (D:11)
  Pikel (D:6)
  3 orc knights
  2 cyclopes (D:9)
  Joseph (D:7)
  A gargoyle (D:10)
  A rime drake (D:11)
  A kobold demonologist (D:9)
  4 trolls (D:10)
  9 yaks
  2 steam dragons
  3 wyverns
  Menkaure (D:7)
  4 ice beasts
  A sky beast (D:6)
  12 orc warriors
  2 black bears
  9 ogres
  2 centaurs
  7 wolves
  A phantom (D:6)
  Blork the orc (D:6)
  4 kobold brigands
  4 gnoll sergeants
  2 bullfrogs
  2 scorpions (D:5)
  10 wights
  20 killer bees
  2 howler monkeys (D:10)
  An electric eel (D:11)
  2 quasits
  2 gnoll boudas
  5 hounds
  A jelly (D:6)
  Crazy Yiuf (D:7)
  6 orc priests
  A sleepcap (D:5)
  5 iguanas
  8 orc wizards
  29 gnolls
  8 adders
  3 shadow imps (D:8)
  7 white imps
  4 ufetubi
  A worm (D:4)
  3 dart slugs
  53 orcs
  6 ball pythons
  4 endoplasms
  9 goblins
  7 hobgoblins
  A quokka (D:1)
  4 bats
  4 frilled lizards
  21 kobolds
  A rat (D:2)
313 creatures vanquished.

Vanquished Creatures (others)
  An orc (D:8)
1 creature vanquished.

Grand Total: 314 creatures vanquished

Notes
Turn   | Place    | Note
-------+----------+-------------------------------------------
     0 | D:1      | Esekla the Deep Elf Necromancer began the quest for the
                  | Orb.
     0 | D:1      | Reached XP level 1. HP: 10/10 MP: 6/6
   148 | D:1      | Reached skill level 5 in Necromancy
   292 | D:4      | Found an iron altar of Okawaru.
   343 | D:4      | Found a glowing silver altar of Zin.
   367 | D:4      | Found a radiant altar of Vehumet.
   371 | D:4      | Became a worshipper of Vehumet
   458 | D:3      | Reached XP level 2. HP: 15/15 MP: 8/8
   522 | D:3      | Identified the +5 rapier of the Hero {heavy, rN+ Dex+3}
   589 | D:2      | Found Renulab's Jewellery Shop.
   793 | D:1      | Reached XP level 3. HP: 19/19 MP: 9/9
   797 | D:1      | Learned a level 3 spell: Vampiric Draining
  1184 | D:2      | Found a faded altar of an unknown god.
  1210 | D:2      | Reached XP level 4. HP: 14/24 MP: 7/11
  1260 | D:2      | Noticed a black bear
  1271 | D:2      | Killed a black bear
  1271 | D:2      | Reached * piety under Vehumet
  1271 | D:2      | Offered knowledge of Kiss of Death by Vehumet.
  1272 | D:2      | Reached skill level 1 in Short Blades
  1272 | D:2      | Reached XP level 5. HP: 27/28 MP: 8/12
  1276 | D:2      | Learned a level 3 spell: Teleport Other
  1555 | D:2      | Reached skill level 4 in Spellcasting
  1948 | D:3      | Found a stormy altar of Qazlal.
  1951 | D:3      | Found a bloodstained altar of Trog.
  1957 | D:3      | Found a hazy altar of Hepliaklqana.
  2352 | D:5      | Entered Level 5 of the Dungeon
  2357 | D:5      | Reached XP level 6. HP: 28/32 MP: 10/14
  2404 | D:5      | Found a shadowy altar of Dithmenos.
  2451 | D:5      | Got the Parchment of the Lumpy Olives
  2517 | D:5      | Reached skill level 1 in Translocations
  2703 | D:5      | Reached skill level 5 in Spellcasting
  2744 | D:5      | Reached XP level 7. HP: 35/36 MP: 10/16
  3014 | D:4      | Found Ponaysk's Antique Weapon Boutique.
  3247 | D:4      | Found a glowing golden altar of the Shining One.
  3535 | D:5      | Reached skill level 1 in Throwing
  3913 | D:5      | Reached ** piety under Vehumet
  3913 | D:5      | Offered knowledge of Poisonous Vapours by Vehumet.
  3914 | D:5      | Reached skill level 6 in Spellcasting
  3917 | D:5      | Learned a level 2 spell: Poisonous Vapours
  4169 | D:6      | Noticed Pikel
  4189 | D:6      | Noticed Blork the orc
  4203 | D:6      | Killed Blork the orc
  4275 | D:6      | Reached skill level 5 in Dodging
  4275 | D:6      | Reached XP level 8. HP: 29/41 MP: 13/19
  4427 | D:6      | Found a staircase to the Ecumenical Temple.
  4543 | D:6      | Reached skill level 1 in Air Magic
  4543 | D:6      | Reached skill level 1 in Poison Magic
  4675 | Temple   | Entered the Ecumenical Temple
  4678 | Temple   | Reached skill level 7 in Spellcasting
  4788 | D:6      | Killed Pikel
  4789 | D:6      | Reached skill level 8 in Spellcasting
  5054 | D:6      | Found a blossoming altar of Fedhas.
  5296 | D:7      | Noticed Menkaure
  5301 | D:7      | Killed Menkaure
  5302 | D:7      | Reached XP level 9. HP: 45/45 MP: 23/23
  5335 | D:7      | Offered knowledge of Inner Flame by Vehumet.
  5405 | D:7      | Found a runed translucent door.
  5406 | D:7      | Noticed Crazy Yiuf
  5413 | D:7      | Killed Crazy Yiuf
  5653 | D:7      | Noticed Joseph
  5675 | D:7      | Reached *** piety under Vehumet
  5920 | D:6      | Reached skill level 9 in Spellcasting
  6227 | D:8      | Noticed a two-headed ogre
  6443 | D:7      | Killed Joseph
  6949 | D:8      | Offered knowledge of Frozen Ramparts by Vehumet.
  6959 | D:8      | Learned a level 3 spell: Frozen Ramparts
  7005 | D:8      | Reached skill level 1 in Shields
  7404 | D:8      | Reached **** piety under Vehumet
  7564 | D:7      | Reached skill level 10 in Spellcasting
  7585 | D:8      | Found a transporter.
  7586 | D:8      | Found a transporter.
  7589 | D:8      | Found a transporter.
  7594 | D:8      | Found a transporter.
  7602 | D:8      | Offered knowledge of Lee's Rapid Deconstruction by Vehumet.
  7657 | D:8      | Found a hide-covered altar of Uskayaw.
  7667 | D:8      | Learned a level 5 spell: Lee's Rapid Deconstruction
  8291 | D:8      | Killed a two-headed ogre
  8292 | D:8      | Reached skill level 1 in Long Blades
  8292 | D:8      | Reached skill level 1 in Ice Magic
  8292 | D:8      | Reached XP level 10. HP: 50/50 MP: 26/26
  8498 | D:9      | Found a flagged portal.
  8520 | Bailey   | Entered a bailey
  8827 | Bailey   | Reached skill level 5 in Translocations
  8900 | Bailey   | Identified the +2 bardiche of Puhoisos {heavy, rElec
                  | Stlth+}
  8903 | Bailey   | Noticed an orc knight
  8903 | Bailey   | Noticed an orc knight
  9024 | Bailey   | Killed an orc knight
  9157 | Bailey   | Killed an orc knight
  9158 | Bailey   | Reached skill level 1 in Fighting
  9271 | D:9      | Noticed a two-headed ogre
  9313 | D:9      | Killed a two-headed ogre
  9314 | D:9      | Reached skill level 11 in Spellcasting
  9393 | D:9      | Noticed Harold
  9406 | D:9      | Killed Harold
  9407 | D:9      | Reached skill level 1 in Earth Magic
  9736 | D:9      | Found a sparkling altar of Nemelex Xobeh.
  9781 | D:9      | Noticed an orange demon
  9784 | D:9      | Noticed a sixfirhy
  9835 | D:9      | Reached XP level 11. HP: 50/57 MP: 28/28
  9836 | D:9      | Reached skill level 10 in Necromancy
 10149 | D:9      | Reached skill level 12 in Spellcasting
 10373 | D:9      | Reached skill level 1 in Evocations
 10576 | D:10     | Entered Level 10 of the Dungeon
 10596 | D:10     | Reached ***** piety under Vehumet
 10817 | D:10     | Offered knowledge of Arcjolt by Vehumet.
 10826 | D:10     | Learned a level 5 spell: Arcjolt
 11220 | D:10     | Reached skill level 13 in Spellcasting
 11262 | D:10     | Found a staircase to the Orcish Mines.
 11302 | D:10     | Found a sacrificial altar of Ru.
 11466 | Orc:1    | Entered Level 1 of the Orcish Mines
 11515 | D:10     | Reached skill level 1 in Conjurations
 11552 | Orc:1    | Noticed an orc knight
 11747 | D:2      | Bought the ring of the Mage {Wiz Archmagi} for 714 gold
                  | pieces
 11747 | D:2      | Found the ring of the Mage {Wiz Archmagi}
 11944 | D:10     | Killed an orc knight
 12651 | D:11     | Noticed Lodul
 12817 | D:11     | Killed Lodul
 12818 | D:11     | Reached XP level 12. HP: 64/67 MP: 31/31
 12822 | D:11     | Reached skill level 14 in Spellcasting
 12965 | D:11     | Reached skill level 1 in Armour
 13155 | D:11     | HP: 1/67 [centaur warrior simulacrum (4)]
 13155 | D:11     | Demolished by a centaur warrior simulacrum

Illustrated notes

Levels and vault maps discovered:
D:1:      sevenhm_arrival_forest_fort_small_3, layout_rooms,
          chequers_serial_rivers_room_b, minmay_misc_feat_five
D:2:      layout_loops_ring, dreamdust_ecumenical_altar_angels_and_demons,
          serial_shops, shop
D:3:      layout_basic, grunt_temple_overflow_open, minmay_misc_feat_iff
D:4:      layout_basic, nicolae_overflow_quartered_altars, serial_shops,
          nicolae_diamond_shop
D:5:      layout_loops_ring, lemuel_doored_altar, minmay_misc_feat_rows,
          dreamdust_wishing_well
D:6:      layout_loops_cross, fedhas_altar_fruit_tree,
          minmay_temple_entry_glass, uniq_pikel, uniq_blork_the_orc
D:7:      layout_basic, uniq_menkaure, uniq_joseph, uniq_crazy_yiuf_cottage
D:8:      layout_basic, nicolae_uskayaw_dance_hall, serial_demonic,
          serial_demonic_d, serial_demonic_a, serial_demonic_c,
          serial_demonic_c, nicolae_diode_quadrants
D:9:      layout_irregular_city, kennysheep_little_box, enter_bailey_4,
          minmay_between, uniq_harold
D:10:     layout_basic, nicolae_ru_awakened_eye
D:11:     layout_rooms, hellmonk_lair_entry_icy, serial_ice, serial_ice_j,
          serial_ice_m, serial_ice_o, serial_ice_c, serial_ice_g, serial_ice_f,
          guppyfry_shop_earth, uniq_psyche, uniq_lodul
D:12:     layout_roguey, nicolae_trove_entry_crossroad
Temple:   compressed_dpeg_circular_temple
Orc:1:    layout_caves

Skill      XL: |  1  2  3  4  5  6  7  8  9 10 11 12 |
---------------+-------------------------------------+-----
Necromancy     | 5 6 7 8 9 10 | 10.2
Dodging        | 3 4 5 7 8 |  8.6
Short Blades   | 1 2 3 |  3.3
Stealth        | 3 4 |  4.7
Spellcasting   | 4 5 6 8 10 11 13 14 | 14.0
Translocations | 1 3 4 5 |  5.2
Throwing       | 1 2 |  2.1
Air Magic      | 2 3 4 |  4.1
Poison Magic   | 2 3 4 |  4.2
Shields        | 1 2 3 |  3.0
Long Blades    | 1 2 3 |  3.2
Ice Magic      | 1 3 |  3.8
Fighting       | 2 4 |  4.4
Earth Magic    | 2 3 |  3.9
Evocations     | 1 |  1.8
Conjurations   | 2 |  2.5
Armour         | 1 |  1.0

Action                     |  1- 3 |  4- 6 |  7- 9 | 10-12 || total
---------------------------+-------+-------+-------+-------++-------
  Melee: Short sword       |    26 |       |       |       ||    26
         Unarmed           |     3 |       |       |       ||     3
         Rapier            |    38 |    54 |   100 |     4 ||   196
         Punch             |       |       |     2 |     1 ||     3
         Scimitar          |       |       |    82 |    94 ||   176
  Throw: Dart              |     3 |    14 |    26 |     5 ||    48
         Throwing net      |       |       |     1 |       ||     1
         Boomerang         |       |       |       |     3 ||     3
   Cast: Vampiric Draining |     4 |    10 |    72 |   101 ||   187
         Teleport Other    |       |       |    18 |     1 ||    19
         Poisonous Vapours |       |       |    25 |    80 ||   105
         Frozen Ramparts   |       |       |     7 |    37 ||    44
         Lee's Rapid Decon |       |       |       |     3 ||     3
  Evoke: Wand              |       |     1 |    16 |    16 ||    33
    Use: Potion            |       |       |     3 |     2 ||     5
         Scroll            |       |       |    12 |     2 ||    14
   Stab: Sleeping          |     2 |     6 |     6 |     4 ||    18
         Distracted        |       |       |       |     1 ||     1
 Armour: Robe              |    15 |    17 |    71 |    47 ||   150
         Troll leather arm |       |       |       |     1 ||     1
  Dodge: Dodged            |    30 |    47 |   319 |   212 ||   608
  Block: Buckler           |       |       |       |    54 ||    54
